 Dungeon Crawl Stone Soup version 0.19.5 (webtiles) character file.

6603 Peloso the Carver (level 10, 0/88 HPs)
             Began as a Minotaur Fighter on Apr 17, 2017.
             Was an Elder of Okawaru.
             Killed from afar by an electric eel (6 damage)
             ... with a bolt of electricity
             ... on level 10 of the Dungeon.
             The game lasted 00:23:51 (8752 turns).

Peloso the Carver (Minotaur Fighter)                Turns: 8752, Time: 00:23:52

Health: 0/88       AC: 18    Str: 21    XL:     10   Next: 71%
Magic:  9/9        EV:  7    Int:  5    God:    Okawaru [****..]
Gold:   344        SH: 12    Dex: 13    Spells: 0 memorised, 9 levels left

rFire  . . .     SeeInvis .     m - +4 scimitar
rCold  . . .     Gourm    .     L - +0 plate armour
rNeg   . . .     Faith    .     c - +0 shield
rPois  .         Spirit   .     (helmet restricted)
rElec  .         Reflect  .     w - +0 cloak
rCorr  .         Harm     .     (no gloves)
MR     .....                    g - +2 pair of boots
Stlth  ..........               (no amulet)
                                (no ring)
                                C - ring of flight

@: no status effects
A: retaliatory headbutt, horns 2
a: Heroism, Renounce Religion, Evoke Flight


You were on level 10 of the Dungeon.
You worshipped Okawaru.
Okawaru was greatly pleased with you.
You were not hungry.

You visited 2 branches of the dungeon, and saw 11 of its levels.

You collected 761 gold pieces.
You spent 417 gold pieces at shops.

Inventory:

Hand Weapons
 a - a +1 long sword
 m - a +4 scimitar (weapon)
 r - a +1 dagger of flaming
 u - a +3 falchion
 J - a +4 scimitar
Armour
 c - a +0 shield (worn)
 g - a +2 pair of boots (worn)
 w - a +0 cloak (worn)
 L - a +0 plate armour (worn)
Jewellery
 C - a ring of flight (left hand)
Wands
 b - a wand of flame (42/48)
 v - a wand of digging (4/24)
 F - a wand of iceblast (8/15)
 K - a wand of flame (25/48)
Scrolls
 e - a scroll of enchant weapon
 i - 2 scrolls of amnesia
 k - 5 scrolls of teleportation
 o - 6 scrolls of identify
 x - 7 scrolls of remove curse
 y - 2 scrolls of enchant armour
 D - 2 scrolls of blinking
 M - a scroll of vulnerability {unknown}
Potions
 d - 3 potions of might
 h - 7 potions of curing
 n - 4 potions of heal wounds
 p - 5 potions of haste
 q - 2 potions of berserk rage
 t - 3 potions of resistance
 A - a potion of agility
 E - a potion of ambrosia {unknown}
 G - a potion of cancellation {unknown}
 H - a potion of mutation {unknown}
Books
 I - a book of Misfortune

   Spells                             Type                      Level
   a - Confusing Touch                Hexes                        1
   b - Confuse                        Hexes                        3
   c - Gell's Gravitas                Hexes/Translocation          3
   d - Petrify                        Transmutation/Earth          4
   e - Metabolic Englaciation         Hexes/Ice                    5
   f - Yara's Violent Unravelling     Hexes/Transmutation          5
Comestibles
 f - 7 bread rations
 j - 2 beef jerkies
 l - 7 meat rations
 s - 3 fruits
 z - a slice of pizza
 B - a royal jelly


   Skills:
 + Level 7.7 Fighting
 + Level 12.1 Long Blades
 + Level 9.1 Armour
 + Level 3.8 Dodging
 + Level 1.1 Stealth
 + Level 10.5 Shields
 + Level 0.2 Invocations
 + Level 0.5 Evocations


You had 9 spell levels left.
You didn't know any spells.

Dungeon Overview and Level Annotations

Branches:
Dungeon (10/15)            Temple (1/1) D:6
   Lair: D:8-11         Orc: D:9-12

Altars:
Cheibriados
Dithmenos
Elyvilon
Gozag
Hepliaklqana
Makhleb
Okawaru
Ru
Sif Muna
Trog
Xom

Shops:
D:6 *   D:7 [   D:8 *


Innate Abilities, Weirdness & Mutations

You reflexively headbutt those who attack you in melee.
You have a pair of horns on your head.


Message History

Unknown command.
You miss the electric eel. Your headbutt misses the electric eel.
The electric eel is severely wounded.
The electric eel shoots out a bolt of lightning at you!
The bolt of electricity hits the electric eel.
The electric eel completely resists.
The bolt of electricity hits you!
* * * LOW HITPOINT WARNING * * *
Unknown command.
You closely miss the electric eel. Your headbutt misses the electric eel.
The electric eel is severely wounded.
Unknown command.
The electric eel shoots out a bolt of lightning at you!
The bolt of electricity hits you!
* * * LOW HITPOINT WARNING * * *
The electric eel shoots out a bolt of lightning at you!
The bolt of electricity hits you!
* * * LOW HITPOINT WARNING * * *
The electric eel shoots out a bolt of lightning at you!
The bolt of electricity hits you!
You die...

#.. #..######♣ ≈
#........♣ ≈≈
#........♣ ..≈
#.......@♣♣ ...≈
#.........♣♣ ≈.?≈P
#..........♣♣;≈...≈
#...........;♣
#............♣P
#....[.......≈≈.
#.....>....####..
#..######..# .#
#..# #..# #


You could see an electric eel.

Vanquished Creatures
  A hill giant (D:9)
  Maurice (D:8)
  Psyche (D:9)
  A hippogriff (D:7)
  The ghost of Sanvar the Changer, an amateur OpTm (D:3)
  3 yaks (D:9)
  A wyvern (D:8)
  Menkaure (D:6)
  A steam dragon (D:10)
  2 ice beasts (D:8)
  4 orc warriors
  A sky beast (D:9)
  4 ogres
  A necrophage (D:8)
  5 centaurs
  A big kobold (D:9)
  6 bullfrogs
  2 gnoll sergeants
  A wyvern skeleton (D:8)
  A scorpion (D:4)
  4 howler monkeys
  12 wights
  4 crimson imps
  4 hounds
  12 orc wizards
  A centaur skeleton (D:8)
  6 orc priests
  2 bullfrog skeletons (D:9)
  3 iguanas
  Ijyb (D:2)
  Terence (D:3)
  5 worker ants
  2 hound skeletons
  A howler monkey zombie (D:8)
  16 gnolls
  9 adders
  2 shadow imps
  An adder zombie (D:9)
  3 adder skeletons
  2 worms
  2 dart slugs (D:1)
  5 leopard geckos
  48 orcs
  2 bats
  9 giant cockroaches
  9 goblins
  5 hobgoblins
  11 jackals
  6 quokkas
  2 ball pythons (D:5)
  16 frilled lizards
  6 kobolds
  A quokka zombie (D:8)
  5 rats
257 creatures vanquished.

Notes
Turn   | Place    | Note
-------+----------+-------------------------------------------
     0 | D:1      | Peloso the Minotaur Fighter began the quest for the Orb.
     0 | D:1      | Reached XP level 1. HP: 19/19 MP: 0/0
    72 | D:1      | Reached XP level 2. HP: 20/27 MP: 1/1
   769 | D:2      | Reached XP level 3. HP: 32/33 MP: 2/2
   814 | D:2      | Found a white marble altar of Elyvilon.
   818 | D:2      | Found a shimmering altar of Xom.
   827 | D:2      | Reached skill level 3 in Long Blades
  1329 | D:2      | Reached XP level 4. HP: 40/40 MP: 3/3
  1453 | D:2      | Noticed Ijyb
  1459 | D:2      | Killed Ijyb
  1783 | D:3      | Reached skill level 5 in Armour
  1838 | D:3      | Noticed Terence
  1852 | D:3      | Killed Terence
  1852 | D:3      | Reached skill level 4 in Long Blades
  1852 | D:3      | Reached XP level 5. HP: 46/46 MP: 4/4
  1906 | D:3      | Noticed Sanvar's ghost (amateur OpTm)
  1939 | D:3      | Killed Sanvar's ghost
  1939 | D:3      | Reached skill level 5 in Long Blades
  1939 | D:3      | Reached skill level 5 in Shields
  1939 | D:3      | Reached XP level 6. HP: 42/52 MP: 5/5
  1945 | D:3      | Reached skill level 1 in Dodging
  2575 | D:4      | Noticed an orc warrior
  2589 | D:3      | Killed an orc warrior
  2589 | D:3      | Reached skill level 6 in Long Blades
  2589 | D:3      | Reached XP level 7. HP: 27/60 MP: 6/6
  3124 | D:4      | Reached skill level 7 in Long Blades
  3536 | D:5      | Entered Level 5 of the Dungeon
  3575 | D:5      | Reached skill level 5 in Fighting
  3700 | D:5      | Found a shadowy altar of Dithmenos.
  3837 | D:5      | Reached XP level 8. HP: 52/68 MP: 7/7
  3935 | D:5      | Reached skill level 8 in Long Blades
  4360 | D:6      | Found a staircase to the Ecumenical Temple.
  4398 | Temple   | Entered the Ecumenical Temple
  4404 | Temple   | Became a worshipper of Warmaster Okawaru
  4451 | D:6      | Noticed Menkaure
  4458 | D:6      | Killed Menkaure
  4464 | D:6      | Found Ahinon's General Store.
  4472 | D:6      | Bought a scroll of enchant armour for 105 gold pieces
  5022 | D:7      | Noticed a hippogriff
  5029 | D:7      | Killed a hippogriff
  5029 | D:7      | Reached * piety under Okawaru
  5029 | D:7      | Reached skill level 9 in Long Blades
  5185 | D:7      | Reached XP level 9. HP: 75/75 MP: 8/8
  5201 | D:7      | Found Zucrit's Armour Shoppe.
  5772 | D:8      | Reached skill level 10 in Long Blades
  5780 | D:8      | Reached ** piety under Okawaru
  5864 | D:8      | Reached skill level 1 in Stealth
  5938 | D:8      | Noticed Maurice
  5947 | D:8      | Killed Maurice
  6173 | D:8      | Found Folotage's General Store.
  6180 | D:8      | Bought a potion of agility for 64 gold pieces
  6180 | D:8      | Bought a scroll of blinking for 120 gold pieces
  6180 | D:8      | Bought a scroll of identify for 32 gold pieces
  6180 | D:8      | Bought a scroll of remove curse for 48 gold pieces
  6180 | D:8      | Bought a potion of curing for 48 gold pieces
  6476 | D:8      | Reached *** piety under Okawaru
  6476 | D:8      | Reached skill level 11 in Long Blades
  6727 | D:9      | Reached XP level 10. HP: 86/86 MP: 9/9
  6828 | D:9      | Noticed Psyche
  6837 | D:9      | Killed Psyche
  7035 | D:9      | Found a snail-covered altar of Cheibriados.
  7035 | D:9      | Found a burning altar of Makhleb.
  7444 | D:10     | Entered Level 10 of the Dungeon
  7480 | D:10     | Noticed a hill giant
  8067 | D:9      | Killed a hill giant
  8067 | D:9      | Reached **** piety under Okawaru
  8067 | D:9      | Reached skill level 10 in Shields
  8604 | D:10     | Reached skill level 12 in Long Blades
  8752 | D:10     | Killed from afar by an electric eel

Skill      XL: |  1  2  3  4  5  6  7  8  9 10 |
---------------+-------------------------------+-----
Armour         | 4 5 6 7 9 |  9.1
Shields        | 4 5 6 7 9 10 | 10.5
Long Blades    | 3 4 5 6 7 9 11 12 | 12.1
Fighting       | 4 5 6 7 |  7.7
Dodging        | 1 2 3 |  3.8
Stealth        | 1 |  1.1
Invocations    | |  0.2
Evocations     | |  0.5

Action                   |  1- 3 |  4- 6 |  7- 9 | 10-12 || total
-------------------------+-------+-------+-------+-------++-------
Melee: Long sword        |    62 |   145 |   340 |       ||   547
       Headbutt          |    11 |    32 |    88 |    40 ||   171
       Scimitar          |       |       |    86 |   188 ||   274
Invok: Heroism           |       |       |       |     1 ||     1
Evoke: Wand              |       |       |     2 |       ||     2
  Use: Potion            |       |     1 |       |       ||     1
       Scroll            |       |       |    14 |       ||    14
  Eat: Chunk             |     1 |     5 |    13 |     6 ||    25
       Fruit             |       |       |       |     1 ||     1
Armor: Scale mail        |    18 |    57 |     4 |       ||    79
       Chain mail        |       |       |   157 |    39 ||   196
       Plate armour      |       |       |       |    71 ||    71
Dodge: Dodged            |    20 |    31 |    94 |    55 ||   200
Block: Shield            |    26 |    81 |   251 |   126 ||   484
       Rpst.: Long sword |     9 |     9 |    23 |       ||    41
       Scimitar          |       |       |     8 |    13 ||    21
